 Dungeon Crawl Stone Soup version 0.17-a0-1941-gcc30b76 (webtiles) character file.

5341 Kuldar the Fighter (level 10, -4/108 HPs)
             Began as a Minotaur Berserker on Sept 30, 2015.
             Was a High Priest of Trog.
             Slain by an orc warrior
             ... wielding a +0 war axe
              (16 damage)
             ... in a bailey.
             The game lasted 00:28:29 (7644 turns).

Kuldar the Fighter (Minotaur Berserker)             Turns: 7644, Time: 00:28:30

Health: -4/108     AC:  3    Str: 26    XL:     10   Next: 38%
Magic:  9/9        EV: 13    Int:  4    God:    Trog [*****.]
Gold:   308        SH:  0    Dex:  9    Spells: 0 memorised, 9 levels left

rFire  + . .     SeeInvis .     a - +0 falchion
rCold  x . .     Clarity  .     G - +0 leather armour (curse)
rNeg   . . .     SustAt   .     (no shield)
rPois  .         Gourm    +     (helmet restricted)
rElec  .         Spirit   .     (no cloak)
rCorr  .         Warding  .     (no gloves)
rMut   .         Stasis   .     (no boots)
MR     +....                    N - amulet of the gourmand
Stlth  +.........               y - ring of protection from magic
                                j - ring of fire

@: starving, hasted, very quick, somewhat resistant to hostile enchantments,
very unstealthy
A: retaliatory headbutt, horns 2, robust 1, evolution 1
a: Burn Spellbooks, Berserk, Trog's Hand, Brothers in Arms, Renounce Religion


You were in a bailey.
You worshipped Trog.
Trog was extremely pleased with you.
You were starving.

You visited 1 branch of the dungeon, and saw 8 of its levels.
You also visited: Bailey.

You collected 308 gold pieces.

Inventory:

Hand weapons
 a - a +0 falchion (weapon)
 Q - the +1 falchion "Hant" {antimagic, Str-5 SInv Stlth+}
   (You took it off an orc on level 7 of the Dungeon)

   It disrupts the flow of magical energy around spellcasters and certain
   magical creatures (including the wielder).
   It affects your strength (-5).
   It lets you see invisible.
   It makes you more stealthy.
Missiles
 F - a throwing net (quivered)
Armour
 b - a +0 animal skin
 A - a +0 scale mail
 G - a cursed +0 leather armour (worn)
 I - a +3 leather armour
 K - a +3 leather armour
 P - a cursed +0 plate armour
Jewellery
 j - a ring of fire (left hand)
 y - a ring of protection from magic (right hand)
 J - a +1 ring of evasion
 N - an amulet of the gourmand (around neck)
Magical devices
 t - a wand of hasting (5)
 x - a wand of teleportation (4)
 z - a wand of draining (11)
 C - a wand of invisibility (2)
 H - a wand of random effects (20)
 L - a wand of fire (8)
 M - a wand of paralysis (3)
Scrolls
 d - a scroll of random uselessness
 e - 3 scrolls of remove curse
 n - 3 scrolls of recharging {unknown}
 v - 6 scrolls of enchant armour {unknown}
 R - a scroll of identify
Potions
 h - 2 potions of cancellation
 k - 2 potions of resistance
 l - 2 potions of magic
 m - a potion of ambrosia
 o - a potion of lignification
 p - 15 potions of poison
 r - a potion of flight {unknown}
 s - 5 potions of curing
 u - 2 potions of haste
 w - 2 potions of might {unknown}
 O - a potion of mutation {unknown}
Books
 q - a book of Cantrips

   Spells                             Type                      Level
   a - Corona                         Hexes                        1
   b - Animate Skeleton               Necromancy                   1
   c - Summon Small Mammal            Summoning                    1
   d - Apportation                    Translocation                1
   Trog disapproves of the use of such an item.
Miscellaneous
 B - a plain deck of summoning
Comestibles
 c - 7 bread rations
 f - 4 beef jerkies
 g - 9 slices of pizza
 i - a chunk of flesh
 D - 3 meat rations
 E - a fruit


   Skills:
 * Level 12.3 Fighting
 * Level 12.1 Long Blades
 + Level 5.6 Armour
 + Level 5.2 Dodging


You had 9 spell levels left.
You didn't know any spells.

Dungeon Overview and Level Annotations

Branches:
Dungeon (8/15)             Temple (0/1) D:6
   Lair: D:8-11

Altars:
Ashenzari
Cheibriados
Dithmenos
Elyvilon
Fedhas
Gozag
Kikubaaqudgha
Makhleb
Nemelex Xobeh
Qazlal
Trog
Vehumet
Yredelemnul
Zin
The Shining One


Innate Abilities, Weirdness & Mutations

You reflexively headbutt those who attack you in melee.
You have a pair of horns on your head.
You are robust (+10% HP).
You evolve.


Message History

The orc warrior hits you with a war axe!
* * * LOW HITPOINT WARNING * * *
You hit the orc warrior.
The orc warrior is lightly wounded.
You barely miss the orc warrior. You headbutt the orc warrior!
The orc warrior is moderately wounded.
The orc warrior closely misses you. You furiously retaliate!
You headbutt the orc warrior, but do no damage.
You closely miss the orc warrior.
The orc warrior is moderately wounded.
You barely miss the orc warrior.
The orc warrior is moderately wounded.
The orc warrior hits you with a war axe!
* * * LOW HITPOINT WARNING * * *
Drink which item? (? for menu, Esc to quit)
Okay, then.
Drink which item? (? for menu, Esc to quit)
You feel yourself speed up.
The orc warrior hits you with a war axe!
You die...

..#.......#.........#
..##88g88##.........##
...###o###.....⌠.....#
..###gg. ##.........##
..#..o..o #.........#
.##.....o.##.......##
.#.........#..)....#
##.........##..o..##
#...........####@## ##
##..)..## .# #.......#
.## ##.......## ..#
#.........# ..##
##.........##
...#######.....⌠.....#
..##.....##.........##
..#.......#.........#


You could see an orc warrior.

Vanquished Creatures
  An orc warlord (Bailey)
  An orc knight (Bailey)
  A wyvern (D:8)
  A human (D:7)
  3 sky beasts
  3 orc warriors (Bailey)
  A phantom (D:5)
  3 centaurs
  3 ogres (D:5)
  3 giant frogs (D:7)
  2 scorpions
  2 vampire bats (D:3)
  A crimson imp (D:6)
  2 centaur zombies (D:5)
  5 hounds
  2 jellies
  2 orc priests (D:7)
  A quasit (D:6)
  A centaur skeleton (D:7)
  4 orc wizards
  2 giant frog skeletons
  3 worker ants
  Terence (D:3)
  2 iguanas
  4 sheep (D:7)
  A worker ant zombie (D:7)
  15 gnolls
  3 adders
  5 shadow imps
  2 oozes (D:1)
  3 worms (D:3)
  8 giant geckos
  25 orcs
  2 ball pythons
  2 bat skeletons (D:3)
  2 bat zombies (D:3)
  9 giant cockroaches
  23 goblins
  16 hobgoblins
  11 jackals
  4 kobolds
  13 bats
  2 giant newts
  A quokka (D:6)
  A quokka skeleton (D:7)
  A quokka zombie (D:6)
  13 rats
216 creatures vanquished.

Vanquished Creatures (collateral kills)
  4 orc knights (Bailey)
  An orc warrior (Bailey)
  A gnoll (Bailey)
  3 orcs (Bailey)
  3 goblins (Bailey)
  A hobgoblin (Bailey)
13 creatures vanquished.

Grand Total: 229 creatures vanquished

Notes
Turn   | Place    | Note
--------------------------------------------------------------
     0 | D:1      | Kuldar the Minotaur Berserker began the quest for the Orb.
     0 | D:1      | Reached XP level 1. HP: 19/19 MP: 0/0
   195 | D:1      | Reached skill level 4 in Long Blades
   222 | D:1      | Reached XP level 2. HP: 25/27 MP: 1/1
   406 | D:1      | Reached XP level 3. HP: 34/34 MP: 2/2
   717 | D:1      | Acquired Trog's second power
  1107 | D:2      | Found a faded altar to an unknown god.
  1133 | D:2      | Found a shattered altar of Ashenzari.
  1219 | D:2      | Reached XP level 4. HP: 22/41 MP: 3/3
  1395 | D:1      | Reached skill level 5 in Fighting
  1454 | D:3      | Reached skill level 5 in Long Blades
  1650 | D:3      | Found an ancient bone altar of Kikubaaqudgha.
  1665 | D:3      | Reached XP level 5. HP: 37/50 MP: 4/4
  1913 | D:3      | Noticed Terence
  1921 | D:3      | Killed Terence
  1921 | D:3      | Reached skill level 6 in Fighting
  1974 | D:3      | Found an opulent altar of Gozag.
  1975 | D:3      | Found a glowing silver altar of Zin.
  2028 | D:3      | Found a snail-covered altar of Cheibriados.
  2241 | D:4      | Found a burning altar of Makhleb.
  2311 | D:4      | Reached XP level 6. HP: 56/58 MP: 5/5
  2589 | D:4      | Found a sparkling altar of Nemelex Xobeh.
  2684 | D:4      | Found a shadowy altar of Dithmenos.
  2991 | D:4      | Found a white marble altar of Elyvilon.
  2991 | D:4      | Found a blossoming altar of Fedhas.
  3138 | D:5      | Entered Level 5 of the Dungeon
  3203 | D:5      | Reached skill level 7 in Fighting
  3477 | D:5      | Reached XP level 7. HP: 58/66 MP: 6/6
  3766 | D:5      | Reached skill level 8 in Fighting
  4334 | D:5      | Found a bloodstained altar of Trog.
  4334 | D:5      | Found a radiant altar of Vehumet.
  4334 | D:5      | Found a stormy altar of Qazlal.
  4372 | D:5      | Found a basalt altar of Yredelemnul.
  4390 | D:5      | Reached XP level 8. HP: 51/77 MP: 7/7
  4715 | D:6      | Reached skill level 9 in Fighting
  4725 | D:6      | Gained mutation: Your spells are a little harder to cast, but a little more powerful. [mutagenic meat]
  4726 | D:6      | Gained mutation: You are weak. (Str -2) [mutagenic meat]
  4727 | D:6      | Gained mutation: You evolve. [mutagenic meat]
  4728 | D:6      | Lost mutation: Your spells are a little harder to cast, but a little more powerful. [mutagenic meat]
  4729 | D:6      | Gained mutation: You are robust (+10% HP). [mutagenic meat]
  4756 | D:6      | Found a staircase to the Ecumenical Temple.
  5097 | D:6      | Found a glowing golden altar of the Shining One.
  5299 | D:6      | Found a sparkling altar of Nemelex Xobeh.
  5373 | D:6      | Acquired Trog's third power
  5497 | D:7      | Reached skill level 10 in Fighting
  5569 | D:7      | Lost mutation: You are weak. (Str -2) [evolution]
  5605 | D:7      | Reached skill level 10 in Long Blades
  5644 | D:7      | Paralysed by an orc wizard for 5 turns
  5681 | D:7      | Got an ichor-stained falchion {antimagic}
  5737 | D:7      | Identified the +1 falchion "Hant" {antimagic, Str-5 SInv Stlth+} (You took it off an orc on level 7 of the Dungeon)
  6126 | D:7      | Reached XP level 9. HP: 68/94 MP: 8/8
  6702 | D:8      | Found a flagged portal.
  6726 | Bailey   | Entered a bailey
  6975 | Bailey   | Reached skill level 11 in Fighting
  7414 | Bailey   | Noticed an orc knight
  7415 | Bailey   | Noticed an orc knight
  7421 | Bailey   | Killed an orc knight
  7428 | Bailey   | Killed an orc knight
  7497 | Bailey   | Noticed an orc knight
  7497 | Bailey   | Noticed an orc warlord
  7497 | Bailey   | Noticed an orc knight
  7502 | Bailey   | Noticed an orc knight
  7512 | Bailey   | Killed an orc warlord
  7512 | Bailey   | Reached skill level 12 in Fighting
  7512 | Bailey   | Reached skill level 5 in Armour
  7512 | Bailey   | Reached XP level 10. HP: 89/106 MP: 9/9
  7518 | Bailey   | Killed an orc knight
  7521 | Bailey   | Killed an orc knight
  7521 | Bailey   | Reached skill level 5 in Dodging
  7524 | Bailey   | Killed an orc knight
  7644 | Bailey   | Slain by an orc warrior

Vault maps used:
D:1:      onia_arrival_handbag, minivault_19, minivault_19, nrook_loot_triangle
D:2:      nicolae_overflow_crystal_walls, first_bread, ecumenical_altar_2
D:3:      grunt_temple_overflow_gold_and_silver, kennysheep_vampire_church,
          cheibriados_altar_1, uniq_terence
D:4:      gammafunk_temple_overflow_elements, makhleb_heckhound_becter,
          nicolae_dithmenos_shadow_blocks, nemelex_deck
D:5:      lemuel_doored_altar, gammafunk_temple_overflow_forgotten,
          roderic_batcave
D:6:      tso_metal_star, minmay_temple_entry_statues,
          nemelex_diamond_rough_becter
D:7:      grunt_livestock
D:8:      enter_bailey_7, minmay_misc_feat_x, st_stairs_9
Bailey:   bailey_axe_minmay_hex_keep, bailey

Action                   |  1- 3 |  4- 6 |  7- 9 | 10-12 || total
-------------------------+-------+-------+-------+-------++-------
Melee: Falchion          |    85 |   106 |   386 |    22 ||   599
Invok: Berserk           |       |     1 |     6 |       ||     7
       Brothers in Arms  |       |       |     2 |       ||     2
       Trog's Hand       |       |       |       |     1 ||     1
  Use: Scroll            |       |       |    13 |       ||    13
       Potion            |       |       |       |     3 ||     3
  Eat: Chunk             |     1 |     8 |    24 |       ||    33
